[Event "*** Titled Tuesday Blitz"]
[Site "Chess.com"]
[Date "2020.11.03"]
[Round "6"]
[White "MissingLife"]
[Black "enriquetejedor"]
[Result "0-1"]
[WhiteElo "2198"]
[BlackElo "2489"]
[TimeControl "180+1"]
[EndTime "11:10:08 PST"]
[Termination "enriquetejedor won on time"]

1. Nf3 d6 2. c4 e5 3. g3 g6 4. Bg2 Bg7 5. Nc3 Nc6 6. e3 Be6 7. b3 e4 8. Ng1 f5 9. f3 exf3 10.
Nxf3 Nf6 11. Ng5 Bd7 12. O-O O-O 13. Bb2 Rb8 14. a3 Ne5 15. Qc2 Nfg4 16. Nh3 a6 17. Rae1 Re8 18. Nf4 Kh8 19. Kh1 c6 20. h3 Nf6 21. d4 Nf7 22. e4 fxe4 23. Nxe4 Nxe4 24.
Bxe4 Ng5 25. Bg2 Qb6 26. Nxg6+ hxg6 27. Qxg6 Qd8 0-1

[Event "*** Titled Tuesday Blitz"]
[Site "Chess.com"]
[Date "2020.11.03"]
[Round "6"]
[White "VladaSviridova"]
[Black "Happy1712Drummer"]
[Result "1-0"]
[WhiteElo "2281"]
[BlackElo "2189"]
[TimeControl "180+1"]
[EndTime "11:10:09 PST"]
[Termination "VladaSviridova won on time"]

1. d4 d6 2. Nf3 f5 3. c4 Nf6 4.
Nc3 g6 5. g3 Bg7 6. Bg2 O-O 7.
O-O Nc6 8. d5 Ne5 9. Nxe5 dxe5 10.
Qb3 Kh8 11. c5 e6 12. Bg5 e4 13. Rad1 Qe8 14. d6 cxd6 15. Rxd6 Qf7 16. Rfd1 Ne8 17. Rd8 h6 18. Be3 Bf6 19. Bd4 Kh7 20. Bxf6 Nxf6 21. R8d2 Bd7 22. Qxb7 Rfb8 23. Qc7 Rc8 24. Qe5 Bc6 25. Rd6 Re8 26. Rxc6 Rab8 27. Rc7 Re7 28. Rxe7 Qxe7 29. Qxb8 Qxc5 30. Qb7+ Kh8 31.
Rd8+ Ng8 32. Qb8 e3 33. Rxg8+ Kh7 34. Rh8+ Kg7 35. Qg8+ Kf6 36. Qf8+ Kg5 37. Qxc5 exf2+ 38. Kxf2 Kg4 39. h3+ 1-0

[Event "*** Titled Tuesday Blitz"]
[Site "Chess.com"]
[Date "2020.11.03"]
[Round "6"]
[White "Oglob71"]
[Black "QuintilianoR"]
[Result "0-1"]
[WhiteElo "2472"]
[BlackElo "2626"]
[TimeControl "180+1"]
[EndTime "11:10:10 PST"]
[Termination "QuintilianoR won by resignation"]

1. d4 Nf6 2. Nf3 e6 3. c4 b6 4. Bf4 Bb7 5. e3 Bb4+ 6. Nfd2 O-O 7. a3 Be7 8. Nc3 d5 9. Qc2 c5 10. cxd5 cxd4 11. exd4 Nxd5 12. Be3 Nxe3 13. fxe3 Bh4+ 14. Kd1 e5 15. Bd3 exd4 16. exd4 Qxd4 17. Bxh7+ Kh8 18. Be4 Nc6 19. Ne2 Qd6 20. Qd3 Qxd3 21. Bxd3 Rad8 22.
Kc2 Rxd3 23. Kxd3 Ba6+ 24. Kc2 Bxe2 25. g3 Nd4+ 26. Kc3 Bf6 27. Ne4 Be5 28. Kd2 Bf3 29. Rhe1 Nb3+ 30. Ke3 Nxa1 31. Kxf3 Bxb2 32. Nd6 Nc2 33. Re7 Nd4+ 34. Ke4 Kg8 35. Rxa7 Ne6 36. Kd5 Rd8 37. Kc6 Nd4+ 38. Kc7 Ne6+ 39. Kc6 Rf8 40. Kxb6 Bd4+ 41. Ka6 Bxa7 42. Kxa7 Rd8 43. Nb7 Rd7 44. Kb6 Rd3 45. a4 Rb3+ 46. Kc6 Rxb7 47. Kxb7 Nc5+ 48. Kc6 Nxa4 49. Kd5 Nc3+ 50. Kd4 Ne2+ 51. Ke3 Nc1 52. Kd2 Nb3+ 53. Kc3 Nc5 54. Kd4 Ne6+ 55. Ke4 Kh7 56. Kf5 Kh6 57. h4 Nf8 58. g4 Ng6 59. h5 Ne7+ 60.
Kf4 f6 61. g5+ fxg5+ 62. Kg4 Ng8 0-1

[Event "*** Titled Tuesday Blitz"]
[Site "Chess.com"]
[Date "2020.11.03"]
[Round "6"]
[White "Sergienko_Sergey"]
[Black "Sokoloco"]
[Result "0-1"]
[WhiteElo "2314"]
[BlackElo "2450"]
[TimeControl "180+1"]
[EndTime "11:10:10 PST"]
[Termination "Sokoloco won by resignation"]

1. e4 g6 2. d4 Bg7 3. Nc3 d6 4.
f4 Nf6 5. Nf3 O-O 6. Bd3 c5 7.
d5 e6 8. dxe6 Bxe6 9. O-O Qb6 10. Kh1 c4 11. Be2 Ng4 12. Qe1 Nc6 13. f5 gxf5 14.
exf5 Bxf5 15. Ng5 Ne3 16. Bxe3 Qxe3 17. Rxf5 Nd4 18. Nxf7 Nxf5 19. Bxc4 Qxe1+ 20. Rxe1 Rxf7 21. Rf1 Nh6 22. Bxf7+ Nxf7 23. Nd5 Re8 24. c3 Re5 25. Rd1 Kf8 26. Kg1 Ng5 27. Kf1 Ne4 28. c4 Ke8 29. b3 Kd7 30. Nf4 Rf5 31. g3 Bh6 32. Ke2 Bxf4 33. gxf4 Nc3+ 0-1

[Event "*** Titled Tuesday Blitz"]
[Site "Chess.com"]
[Date "2020.11.03"]
[Round "6"]
[White "PattyCastillo"]
[Black "Mbneu"]
[Result "1-0"]
[WhiteElo "1939"]
[BlackElo "2206"]
[TimeControl "180+1"]
[EndTime "11:10:10 PST"]
[Termination "PattyCastillo won by resignation"]

1. d4 Nf6 2. Nf3 c5 3. e3 cxd4 4. exd4 b6 5. Bd3 Ba6 6. c4 g5 7. Bxg5 Bg7 8. O-O O-O 9. Ne5 Nc6 10. Nxc6 dxc6 11. Be3 Qd7 12. Qf3 Bb7 13. Nc3 Rad8 14. Rad1 Qg4 15. Qf5 e6 16. Qxg4 Nxg4 17. h3 Nxe3 18. fxe3 f5 19. Rf2 Rd7 20. Rfd2 Rfd8 21.
Kf2 f4 22. exf4 Bxd4+ 23. Kf1 Rg7 24. g4 Rf8 25. f5 exf5 26. Bxf5 Bc8 27. Rxd4 Bxf5 28.
gxf5 Rxf5+ 29. Ke2 Re7+ 30. Kd3 Rf3+ 31. Kc2 Rxh3 32.
R4d3 Rh2+ 33. R1d2 Rxd2+ 34. Rxd2 h5 35. Rh2 Rh7 36.
Ne4 Kf7 37. Ng5+ 1-0

[Event "*** Titled Tuesday Blitz"]
[Site "Chess.com"]
[Date "2020.11.03"]
[Round "6"]
[White "Superfelix"]
[Black "Igor_Lysyj"]
[Result "0-1"]
[WhiteElo "2462"]
[BlackElo "2823"]
[TimeControl "180+1"]
[EndTime "11:10:11 PST"]
[Termination "Igor_Lysyj won by resignation"]

1. e4 e5 2. Nf3 Nc6 3. d4 exd4 4. Nxd4 Nf6 5. Nc3 Bb4 6. Nxc6 bxc6 7. Bd3 O-O 8. O-O d5 9. exd5 cxd5 10. h3 c6 11. Qf3 Bd6 12. Bf4 Qc7 13. Bxd6 Qxd6 14. Rfe1 Rb8 15. b3 Bd7 16. Rad1 Rfe8 17. Rxe8+ Rxe8 18.
Na4 Qb4 19. Qg3 h6 20. c3 Qa3 21. Qc7 Qxa2 22. Nc5 Bc8 23. Qxc6 Qb2 24. c4 dxc4 25.
Bxc4 Bf5 26. Qc7 Bg6 27. Qxa7 Qc2 28. Qa1 Nh5 29. Qc1 Qa2 30. Re1 Rxe1+ 31. Qxe1 Nf4 32. Nd7 Qa8 33. f3 Qa7+ 34. Kh2 Qxd7 35. Qe5 Ne6 36. b4 Qc7 37. Qxc7 Nxc7 38. b5 Na8 39. Kg3 Kf8 40. Kf4 Ke7 41. Ke5 Nb6 42. Be2 f6+ 43. Kd4 Kd6 44. f4 Be8 45. g4 Bf7 46. h4 Be6 47. g5 Bd7 48. Ke4 Nd5 49. gxh6 gxh6 50.
Bc4 Nc3+ 51. Kf3 Nxb5 52. Ke4 Nc7 53. f5 Be8 54. Kf4 Nd5+ 55. Kg4 Ne3+ 0-1

[Event "*** Titled Tuesday Blitz"]
[Site "Chess.com"]
[Date "2020.11.03"]
[Round "6"]
[White "mishanick"]
[Black "Tocras"]
[Result "1-0"]
[WhiteElo "3020"]
[BlackElo "2793"]
[TimeControl "180+1"]
[EndTime "11:10:12 PST"]
[Termination "mishanick won on time"]

1. c4 b6 2. Nf3 Bb7 3. g3 g6 4. Bg2 Bg7 5. O-O f5 6. d4 Nf6 7. Nc3 O-O 8. Qc2 e6 9. Rd1 Na6 10. d5 Qe7 11. Nd4 Nc5 12. b4 Nce4 13.
Nxe4 Nxe4 14. Qb3 exd5 15. cxd5 Qf7 16. Bb2 Bxd5 17. Qc2 c6 18. a3 Rfe8 19. e3 h5 20. Rac1 c5 21. bxc5 bxc5 22. Bxe4 Bxe4 23. Qxc5 Rab8 24.
Ba1 h4 25. Qxa7 Ra8 26. Qc5 Bf8 27. Qc7 Bxa3 28. Rc3 Bb4 29. Rc4 Ba5 30. Qd6 Kh7 31.
Ne2 hxg3 32. Nxg3 Rad8 33. Ra4 Re6 34. Qf4 Bb6 35. Qh4+ 1-0

[Event "*** Titled Tuesday Blitz"]
[Site "Chess.com"]
[Date "2020.11.03"]
[Round "6"]
[White "jefferyx"]
[Black "Bigfish1995"]
[Result "1/2-1/2"]
[WhiteElo "2929"]
[BlackElo "3017"]
[TimeControl "180+1"]
[EndTime "11:10:13 PST"]
[Termination "Game drawn by agreement"]

1. e4 e5 2. Nf3 Nc6 3. Nc3 Nf6 4. d4 exd4 5. Nxd4 Bb4 6. Nxc6 bxc6 7. Bd3 O-O 8. O-O d5 9. exd5 cxd5 10. h3 Rb8 11.
Qf3 Be6 12. Bf4 Bd6 13. b3 Rb4 14. Ne2 h6 15. Rad1 c5 16. Rfe1 Re8 17. c3 Rb7 18. c4 Rd7 19. Bxd6 Rxd6 20. Nf4 d4 21. Nxe6 Rdxe6 22. Rxe6 Rxe6 23. Qb7 a6 24. Qf3 g6 25. a3 a5 26. Qf4 Kg7 27. Qd2 Qb6 28. Rb1 Ne4 29. Bxe4 Rxe4 30. b4 axb4 31. axb4 cxb4 32. Rxb4 Qa5 33.
Rb2 Qc3 34. Rc2 Qxd2 35. Rxd2 Kf6 36. f3 Rf4 37. Kf2 d3 38. Rxd3 Rxc4 1/2-1/2

[Event "*** Titled Tuesday Blitz"]
[Site "Chess.com"]
[Date "2020.11.03"]
[Round "6"]
[White "penguingm1"]
[Black "Enriquack"]
[Result "1-0"]
[WhiteElo "2818"]
[BlackElo "2289"]
[TimeControl "180+1"]
[EndTime "11:10:13 PST"]
[Termination "penguingm1 won by resignation"]

1. d4 Nf6 2. c4 g6 3. f3 c5 4. d5 b5 5. cxb5 a6 6. e4 d6 7. Nc3 Bg7 8. Be3 O-O 9. a4 e6 10. Bc4 axb5 11. Bxb5 exd5 12. Nxd5 Bb7 13. Nc3 Nc6 14.
Nge2 Ne5 15. O-O Ba6 16. Qb3 Rb8 17. Rfd1 Qe7 18. Nf4 Nfg4 19. Ncd5 Qh4 20. fxg4 Nxg4 21. h3 Bxb5 22. axb5 Nxe3 23. Qxe3 Rxb5 24. Rab1 Rfb8 25. b3 c4 26. b4 Be5 27. Ne2 Re8 28. Nc7 Rbb8 29. Nxe8 Rxe8 30. b5 Qd8 31. b6 Qb8 32. b7 f5 33. Nc3 Bf6 34. Nd5 Bg7 35. Qb6 Rxe4 36. Qc7 Re8 37. Ne7+ Kf7 38. Qxb8 Rxb8 39. Nc6 1-0

[Event "*** Titled Tuesday Blitz"]
[Site "Chess.com"]
[Date "2020.11.03"]
[Round "6"]
[White "ErikRonka"]
[Black "levallem"]
[Result "1-0"]
[WhiteElo "2380"]
[BlackElo "2242"]
[TimeControl "180+1"]
[EndTime "11:10:14 PST"]
[Termination "ErikRonka won by resignation"]

1. d4 Nf6 2. Bg5 g6 3. Bxf6 exf6 4. g3 Bg7 5. Bg2 O-O 6. e3 d5 7. Ne2 c6 8. Nd2 Nd7 9. O-O f5 10. b3 Nf6 11. c4 Ne4 12. Qc2 Bd7 13. Rfc1 Rc8 14. b4 a6 15. a4 Qe7 16. cxd5 cxd5 17. Qb2 Rxc1+ 18. Rxc1 Re8 19. Nf4 Bxa4 20. Nxd5 Qd6 21.
Nxe4 fxe4 22. Nc3 Bc6 23. b5 axb5 24. Nxb5 Qd7 25. Na7 Bd5 26. Qb6 Re6 27. Qb4 h6 28. h3 Ra6 29. Nc8 Bf8 30. Qb1 b5 31. Bxe4 Rc6 32. Rxc6 Bxc6 33. Nb6 Bxe4 34. Qxe4 Qc7 35.
Nd5 Qc1+ 36. Kg2 Qc6 37. Ne7+ Bxe7 38. Qxc6 1-0

[Event "*** Titled Tuesday Blitz"]
[Site "Chess.com"]
[Date "2020.11.03"]
[Round "6"]
[White "GMTalks_Youtube"]
[Black "Dinamo3"]
[Result "1-0"]
[WhiteElo "2594"]
[BlackElo "2418"]
[TimeControl "180+1"]
[EndTime "11:10:15 PST"]
[Termination "GMTalks_Youtube won on time"]

1. e4 c6 2. d4 d5 3. exd5 cxd5 4. Bf4 Nc6 5. c3 Nf6 6. Nd2 g6 7. Ngf3 Bg7 8. Bb5 O-O 9. O-O Qb6 10. Qe2 a6 11.
Bxc6 bxc6 12. Nb3 Re8 13. Ne5 Ne4 14. f3 Nd6 15. Nc5 a5 16. Rfe1 a4 17. Ned3 Bf5 18. Nxa4 Rxa4 19. Bxd6 Bxd3 20. Qxd3 Qxb2 21. Rab1 Qxa2 22. Rxe7 Rd8 23. Be5 Bxe5 24. dxe5 Ra7 25. Rxa7 Qxa7+ 26. Kh1 Rb8 27. Re1 Rb2 28. h3 Qf2 29.
Rg1 Qd2 30. Qa6 Qxc3 31. Qc8+ Kg7 32. e6 fxe6 33. Qxe6 Qf6 34. Qd7+ Kh6 35. Re1 Rd2 36.
Qc7 1-0

[Event "*** Titled Tuesday Blitz"]
[Site "Chess.com"]
[Date "2020.11.03"]
[Round "6"]
[White "anon481216"]
[Black "annamaja"]
[Result "1-0"]
[WhiteElo "2395"]
[BlackElo "2294"]
[TimeControl "180+1"]
[EndTime "11:10:15 PST"]
[Termination "anon481216 won on time"]

1. d4 d5 2. c4 c6 3. Nc3 Nf6 4.
e3 e6 5. Nf3 Bd6 6. Qc2 O-O 7.
Bd3 Nbd7 8. O-O dxc4 9. Bxc4 b5 10. Be2 Bb7 11. Rd1 Qe7 12. e4 e5 13. dxe5 Nxe5 14.
Nd4 b4 15. Nf5 Qc7 16. Nxd6 bxc3 17. Qxc3 Ng6 18. f3 Rad8 19. Qc5 Ba8 20. Be3 a5 21. Nc4 a4 22. g3 Nd7 23. Qa5 Qxa5 24. Nxa5 Nde5 25. f4 Nd7 26. Rac1 Nf6 27. e5 Nd5 28. Bc5 Rfe8 29. Bf3 Rb8 30. Ba3 Nb4 31. Nxc6 Bxc6 32. Bxc6 Nxa2 33. Bxe8 Nxc1 34. Bxf7+ Kxf7 35. Rxc1 Ke6 36. Rc7 Nf8 37. Rxg7 1-0

[Event "*** Titled Tuesday Blitz"]
[Site "Chess.com"]
[Date "2020.11.03"]
[Round "6"]
[White "martynkovaelena"]
[Black "Chamal_Gedgafov"]
[Result "1-0"]
[WhiteElo "2267"]
[BlackElo "2127"]
[TimeControl "180+1"]
[EndTime "11:10:15 PST"]
[Termination "martynkovaelena won by resignation"]

1. Nf3 d5 2. c4 c6 3. g3 Nf6 4. Bg2 Bg4 5. O-O e6 6. d4 Nbd7 7. b3 Bd6 8. Bb2 Qc7 9. Nbd2 O-O 10. Rc1 Rfe8 11. Re1 Ne4 12. Nxe4 dxe4 13. Nd2 f5 14. f3 exf3 15. exf3 Bh5 16. Qc2 c5 17. f4 Nf6 18.
Nf3 Bxf3 19. Bxf3 cxd4 20. Bxd4 Bc5 21. Bxc5 Qxc5+ 22. Qf2 Qc7 23. Re5 Nd7 24. Re3 a5 25.
Rce1 Nc5 26. Qe2 Ra6 27. a3 Rb6 28. Qc2 Kf7 29. Rb1 Rd6 30. b4 axb4 31. axb4 Nd7 32. c5 Rd4 33. Qc3 Re4 34. Bxe4 fxe4 35. Rxe4 Nf6 36.
Re5 Ng4 37. Re2 b6 38. Rbe1 bxc5 39. Qxc5 Qxc5+ 40. bxc5 Rc8 41. Rxe6 Rxc5 42. Re7+ Kf8 43. Ra7 Rc2 44. Ree7 Nxh2 45. Rf7+ Ke8 46. Rxg7 Nf3+ 47. Kf1 Kf8 48. Rxh7 Kg8 49. Rhc7 Nh2+ 50. Ke1 Nf3+ 51.
Kd1 Rd2+ 52. Kc1 Rd8 53. Rg7+ Kf8 54. Raf7+ Ke8 55. Rg8+ Kxf7 56. Rxd8 Kf6 57. Kd1 Kf5 58. Ke2 Nh2 59. Rf8+ Kg4 60. Rg8+ Kf5 61. Kf2 Ng4+ 62.
Rxg4 1-0

[Event "*** Titled Tuesday Blitz"]
[Site "Chess.com"]
[Date "2020.11.03"]
[Round "6"]
[White "Fandorine"]
[Black "Anna_ChessMate"]
[Result "1-0"]
[WhiteElo "2826"]
[BlackElo "2531"]
[TimeControl "180+1"]
[EndTime "11:10:16 PST"]
[Termination "Fandorine won on time"]

1. Nf3 d5 2. e3 Nf6 3. c4 c6 4. Nc3 e6 5. b3 Bd6 6. Bb2 e5 7. cxd5 cxd5 8. Nb5 Nc6 9. Nxd6+ Qxd6 10. Bb5 e4 11. Nd4 O-O 12. f4 Bg4 13. Qb1 a6 14. Bf1 Rac8 15. h3 Bd7 16. Be2 Rc7 17. O-O Rfc8 18.
Nxc6 Rxc6 19. a3 Ne8 20. Ra2 f6 21. Bd4 Nc7 22. f5 Ne8 23. b4 b5 24. a4 R6c7 25. Bc5 Qg3 26. axb5 Bxb5 27. Bxb5 axb5 28. Qb3 Rd7 29. Ra5 Qb8 30. Rfa1 h6 31. Qa2 Nc7 32. Ra7 Re8 33. Qb3 Re5 34. Bd4 1-0

[Event "*** Titled Tuesday Blitz"]
[Site "Chess.com"]
[Date "2020.11.03"]
[Round "6"]
[White "Tactictic"]
[Black "AsaHoffmann"]
[Result "1-0"]
[WhiteElo "2405"]
[BlackElo "2298"]
[TimeControl "180+1"]
[EndTime "11:10:16 PST"]
[Termination "Tactictic won by resignation"]

1. e4 d6 2. d4 Nf6 3. Nc3 c6 4.
Nf3 Bg4 5. h3 Bh5 6. Bd3 e6 7.
O-O d5 8. Re1 Be7 9. Bf4 O-O 10.
a4 a5 11. Re3 dxe4 12. Nxe4 Nd5 13. Bxb8 Nxe3 14. fxe3 Rxb8 15. Qf1 Bxf3 16. Qxf3 f5 17. Nd2 Kh8 18. c3 e5 19. Qe2 Bf6 20. Rf1 e4 21. Bc2 b5 22. Rxf5 bxa4 23. Nc4 Rb5 24. Rf4 Re8 25.
Bxe4 Bg5 26. Bxc6 Bxf4 27. Bxb5 Re7 28. Qf3 Bh6 29. Ne5 Rxe5 30. dxe5 Bg5 31. Bxa4 h6 32. e6 Qe7 33. Qf7 Bxe3+ 34. Kf1 Bc5 35. Qe8+ Qxe8 36. Bxe8 g5 37. Bf7 Kg7 38. Ke2 Kf6 39. Kd3 Ke5 40. Kc4 Be7 41. Kb5 Ke4 42. Kxa5 Kd3 43. b4 Kxc3 44. b5 Kc4 45. b6 Kc5 46. Ka6 Kc6 47. b7 Kc7 48. Ka7 Bc5+ 49. Ka8 1-0

[Event "*** Titled Tuesday Blitz"]
[Site "Chess.com"]
[Date "2020.11.03"]
[Round "6"]
[White "Crazy_girl99"]
[Black "tsvet2005"]
[Result "1-0"]
[WhiteElo "2539"]
[BlackElo "2694"]
[TimeControl "180+1"]
[EndTime "11:10:18 PST"]
[Termination "Crazy_girl99 won on time"]

1. e4 c5 2. Nf3 d6 3. d4 cxd4 4. Nxd4 Nf6 5. Nc3 a6 6. h3 e5 7. Nde2 b5 8. Ng3 Be6 9. a3 Nbd7 10. Be3 Be7 11. Be2 O-O 12. O-O Nb6 13. f4 Nc4 14. Bxc4 Bxc4 15. Rf2 exf4 16. Bxf4 Be6 17. Kh1 d5 18. e5 Ne8 19. Qf3 Nc7 20. Rd1 a5 21.
Be3 b4 22. axb4 axb4 23. Nce2 Nb5 24. Nf4 d4 25. Nge2 Bc5 26. Qc6 dxe3 27. Rxd8 exf2 28. Rxf8+ Rxf8 29. Ng3 Rc8 30. Qxb5 b3 31. c3 Be3 32. Nxe6 fxe6 33. Qxb3 Rd8 34. Qxe6+ Kh8 35. Qg4 h6 36. Nf1 Bb6 37. g3 1-0

[Event "*** Titled Tuesday Blitz"]
[Site "Chess.com"]
[Date "2020.11.03"]
[Round "6"]
[White "korbul"]
[Black "MariaFominykh"]
[Result "0-1"]
[WhiteElo "2543"]
[BlackElo "2346"]
[TimeControl "180+1"]
[EndTime "11:10:18 PST"]
[Termination "MariaFominykh won by resignation"]

1. e4 d6 2. d4 Nf6 3. f3 e5 4. dxe5 dxe5 5. Qxd8+ Kxd8 6. Bc4 Be6 7. Bxe6 fxe6 8.
Be3 Bd6 9. Nd2 Nbd7 10. Nc4 a6 11.
a4 Ke7 12. Nh3 b5 13. Na5 Bb4+ 14. Bd2 Bxa5 15. Bxa5 c5 16. Bd2 Rhb8 17. a5 Ne8 18. Ke2 b4 19. b3 Nd6 20. Nf2 Nb5 21. Nd3 Nd4+ 22. Kd1 Rb5 23. Nb2 Nb8 24. Nc4 Nbc6 25. Bg5+ Kf7 26. Nd6+ Kg6 27. Nxb5 axb5 28. Be3 Rxa5 29.
Rxa5 Nxa5 30. Bxd4 exd4 31. Kc1 c4 32. f4 cxb3 33. cxb3 Nxb3+ 34. Kb2 Nc5 35. Rd1 d3 36. e5 Kf5 37. g3 Ke4 38. Re1+ Kf3 39. f5 d2 40. Rd1 Ke2 41. Rxd2+ Kxd2 42. f6 gxf6 43. exf6 Nd7 44. f7 e5 45. g4 e4 46. g5 e3 0-1

[Event "*** Titled Tuesday Blitz"]
[Site "Chess.com"]
[Date "2020.11.03"]
[Round "6"]
[White "Orest_Vovk"]
[Black "TheCairnTerrier"]
[Result "1-0"]
[WhiteElo "2440"]
[BlackElo "2189"]
[TimeControl "180+1"]
[EndTime "11:10:18 PST"]
[Termination "Orest_Vovk won by checkmate"]

1. e4 c5 2. Be2 e6 3. f4 d5 4. d3 dxe4 5. dxe4 Qxd1+ 6. Bxd1 Nc6 7. c3 b6 8. Nf3 Bb7 9. O-O f6 10. Na3 Kf7 11. f5 g6 12. Bb3 Nd8 13. fxe6+ Ke7 14.
e5 Bg7 15. Ng5 fxg5 16. Bxg5+ Ke8 17. Nc4 Bf8 18. Rxf8+ Kxf8 19. Rf1+ Kg7 20. Nd6 Bc6 21.
Bf6+ Nxf6 22. exf6+ Kh6 23. e7 Rb8 24. exd8=Q Rbxd8 25.
Nf7+ Kh5 26. Nxh8 Rxh8 27. f7 Rf8 28. Rf6 Bd5 29. Bxd5 Kg5 30. Re6 Kh6 31. Re8 Kg7 32.
Rxf8 Kxf8 33. Kf2 b5 34. c4 b4 35. b3 a5 36. Kf3 a4 37. Ke4 a3 38. Ke5 Ke7 39. g4 h6 40. h4 g5 41. hxg5 hxg5 42. Kf5 Kf8 43. Kxg5 Ke7 44. Kg6 Kf8 45. Kh7 Ke7 46.
g5 Kd7 47. f8=Q Kc7 48. Qe7+ Kb6 49. Qb7+ Ka5 50. Qa7# 1-0

[Event "*** Titled Tuesday Blitz"]
[Site "Chess.com"]
[Date "2020.11.03"]
[Round "6"]
[White "DryCounty"]
[Black "Kolle05"]
[Result "1-0"]
[WhiteElo "2564"]
[BlackElo "2352"]
[TimeControl "180+1"]
[EndTime "11:10:20 PST"]
[Termination "DryCounty won by checkmate"]

1. e4 c5 2. Nf3 d6 3. d4 cxd4 4. Nxd4 Nf6 5. Nc3 a6 6. Be2 e5 7.
Nb3 Be7 8. O-O O-O 9. Qd3 Be6 10. Bd2 Nbd7 11. Nd5 Bxd5 12. exd5 Ne8 13. c4 Rc8 14.
Na5 Nc5 15. Qa3 Qd7 16. b4 Ne4 17. Be3 f5 18. f3 N4f6 19. Rad1 f4 20. Bf2 e4 21. Bd4 Bd8 22. c5 Bxa5 23. Qxa5 Kh8 24. c6 bxc6 25. dxc6 Qxc6 26. Qxa6 Qxa6 27. Bxa6 Rc2 28.
fxe4 Rxa2 29. Bc4 Ra4 30. Rb1 Nxe4 31. Rfd1 N8f6 32. Bb5 Ra2 33. Bc4 Ra4 34. Bb5 Ra2 35.
Ra1 Rxa1 36. Rxa1 Rb8 37. Bc6 h6 38. b5 Nc5 39. Ra8 Rxa8 40. Bxa8 Nfd7 41. Bc6 Nb6 42. Kf2 Kg8 43. Kf3 g5 44. Kg4 Kf7 45. Kf5 Ke7 46.
Bg7 d5 47. Bxh6 Kd6 48. Bxg5 Ne4 49. Bxf4+ Kc5 50. h4 Nc3 51. h5 Nxb5 52. Bxb5 Kxb5 53. h6 Nd7 54. h7 d4 55. h8=Q d3 56. Qc3 Nc5 57. Be3 d2 58. Qxd2 Ka4 59. Bxc5 Kb3 60. Qb4+ Kc2 61. Ke4 Kd1 62. Kd3 Kc1 63. Qd2+ Kb1 64.
Qc2+ Ka1 65. Bd4# 1-0

[Event "*** Titled Tuesday Blitz"]
[Site "Chess.com"]
[Date "2020.11.03"]
[Round "6"]
[White "sopo-tereladze"]
[Black "mr_gustavo"]
[Result "1-0"]
[WhiteElo "2316"]
[BlackElo "2398"]
[TimeControl "180+1"]
[EndTime "11:10:21 PST"]
[Termination "sopo-tereladze won by checkmate"]

1. d4 Nf6 2. Nf3 e6 3. Bf4 d5 4. e3 Bd6 5. Bd3 O-O 6. O-O c5 7. c3 Nc6 8. Bg5 e5 9. dxe5 Nxe5 10. Nxe5 Bxe5 11. Nd2 h6 12. Bh4 g5 13. Bg3 Bxg3 14.
hxg3 Kg7 15. e4 dxe4 16. Nxe4 Nxe4 17. Bxe4 Qe7 18. Qf3 Be6 19. Rfe1 Qc7 20. Re3 Rad8 21. Rae1 Rd2 22. R3e2 Rxe2 23. Rxe2 b6 24. Bf5 Bxf5 25.
Qxf5 Rd8 26. Kh2 Qd6 27. Qe4 Qd5 28. Qe7 Rd7 29. Qe3 Qd6 30. f4 gxf4 31. gxf4 Qd3 32. Qe5+ f6 33. Qe8 Qd6 34. g3 Qd1 35. Qe3 Rd3 36. Qe7+ Kg6 37. Qe8+ Kf5 38. Qh5# 1-0

[Event "*** Titled Tuesday Blitz"]
[Site "Chess.com"]
[Date "2020.11.03"]
[Round "6"]
[White "winniethepooh04"]
[Black "akanga001"]
[Result "1-0"]
[WhiteElo "2229"]
[BlackElo "1924"]
[TimeControl "180+1"]
[EndTime "11:10:21 PST"]
[Termination "winniethepooh04 won on time"]

1. d4 Nf6 2. Nf3 c5 3. c3 e6 4. Bf4 Nc6 5. e3 Be7 6. Nbd2 b6 7. h3 Bb7 8. Bd3 O-O 9. O-O d5 10. Qe2 Rc8 11. dxc5 bxc5 12. e4 dxe4 13. Nxe4 Nd5 14.
Bh2 g6 15. Rad1 Qa5 16. a3 a6 17. Rfe1 Rfe8 18. Bb1 Kg7 19. c4 Nf6 20. Nd6 Bxd6 21. Bxd6 e5 22. Qd2 e4 23. Qxa5 Nxa5 24. Nd2 Re6 25. Bf4 Nh5 26. Be3 f5 27. g3 Nf6 28. Rc1 Re5 29. b4 cxb4 30. axb4 Nc6 31. Bc5 Ree8 32. b5 axb5 33. cxb5 Ne5 34. Be3 Nd3 35.
Bxd3 exd3 36. Nc4 Nd5 37. Bd4+ Kh6 38. Red1 f4 39. gxf4 Nxf4 40. Be3 g5 41. Bxf4 gxf4 42. Rxd3 Rg8+ 43. Kf1 Bg2+ 44. Ke1 Bf3 45. Kd2 Bg2 46. Rd6+ Kh5 47. b6 Bxh3 48. Rh1 Kg4 49. Rg1+ Kf3 50. Ne5+ Kxf2 51. Rh1 Bg2 52. Rxh7 f3 53. b7 Kg1 54. bxc8=Q Rxc8 55. Rg7 Ra8 56. Nxf3+ 1-0

[Event "*** Titled Tuesday Blitz"]
[Site "Chess.com"]
[Date "2020.11.03"]
[Round "6"]
[White "MYMChessAcademy"]
[Black "natelleka"]
[Result "0-1"]
[WhiteElo "2052"]
[BlackElo "2216"]
[TimeControl "180+1"]
[EndTime "11:10:21 PST"]
[Termination "natelleka won by checkmate"]

1. e4 e5 2. Nf3 Nf6 3. Nxe5 Nxe4 4. Nc3 Nxc3 5. dxc3 d5 6. Qh5 Qe7 7. f4 g6 8. Qe2 Bg7 9. g3 O-O 10. Bg2 Re8 11.
O-O c6 12. c4 f6 13. cxd5 fxe5 14. dxc6 Nxc6 15. Bd5+ Kh8 16. fxe5 Qc5+ 17. Be3 Qxd5 18. c4 Qxe5 19. Rae1 Bh3 20. Rf2 Qd6 21. Qd2 Qxd2 22. Bxd2 Rxe1+ 23. Bxe1 Rd8 24. Rd2 Rxd2 25. Bxd2 Bxb2 26.
Kf2 Be6 27. Kf3 Bxc4 28. Ke4 Bxa2 29. Kd3 Kg7 30. Kc2 Bf6 31. Kd3 Kf7 32. h4 Ke6 33. Be1 Kd5 34. g4 Ne5+ 35. Ke3 Nxg4+ 36. Kf3 Ne5+ 37.
Kf4 b5 38. Ke3 Be7 39. Kd2 b4 40. Ke2 b3 41. Bc3 Nc4 42. Kd3 b2 43. Bxb2 Nxb2+ 44. Kc2 Nc4 45. Kc1 a5 46. Kd1 a4 47. Kc1 a3 48. Kd1 Bb3+ 49. Kc1 a2 50. h5 a1=Q# 0-1

[Event "*** Titled Tuesday Blitz"]
[Site "Chess.com"]
[Date "2020.11.03"]
[Round "6"]
[White "AndrewMaco"]
[Black "Gerodot71"]
[Result "1-0"]
[WhiteElo "2666"]
[BlackElo "2493"]
[TimeControl "180+1"]
[EndTime "11:10:22 PST"]
[Termination "AndrewMaco won by checkmate"]

1. e4 e5 2. Nf3 Nc6 3. Bb5 a6 4. Ba4 Nf6 5. O-O Be7 6. Re1 b5 7. Bb3 d6 8. c3 O-O 9. h3 Nb8 10. d4 Nbd7 11. c4 c6 12. a3 Qc7 13.
Nc3 Bb7 14. Be3 Rfe8 15. Rc1 exd4 16. Nxd4 Nc5 17. Bc2 Rad8 18. cxb5 axb5 19. Nf5 Bf8 20. Qf3 Bc8 21. Bg5 Ncd7 22. Rcd1 Kh8 23. Qg3 Ne5 24. Bxf6 gxf6 25. Qh4 Bxf5 26. Qxf6+ Bg7 27. Qxf5 Rg8 28. Bb3 Nc4 29. Re2 Qe7 30. e5 dxe5 31. Bc2 Rxd1+ 32.
Nxd1 Qh4 33. Re4 Qh6 34. Rg4 Nd6 35. Qd7 f5 36. Rg3 e4 37. Ne3 f4 38. Ng4 Qg6 39. Ne5 Qf5 40. Qxf5 Nxf5 41. Nf7# 1-0

[Event "*** Titled Tuesday Blitz"]
[Site "Chess.com"]
[Date "2020.11.03"]
[Round "6"]
[White "glebus008"]
[Black "Qvalda"]
[Result "1-0"]
[WhiteElo "2315"]
[BlackElo "2393"]
[TimeControl "180+1"]
[EndTime "11:10:22 PST"]
[Termination "glebus008 won on time"]

1. e4 e6 2. d4 d5 3. e5 c5 4.
c3 Nc6 5. Nf3 Qb6 6. a3 Bd7 7. b4 cxd4 8. cxd4 Rc8 9. Bb2 Na5 10.
Nbd2 Nc4 11. Bxc4 dxc4 12. Rc1 Qa6 13. O-O b5 14. Ng5 Bc6 15. Nde4 h6 16. Qh5 g6 17. Qh3 Bg7 18. Nd6+ Kf8 19. Ngxf7 Rh7 20. Qxe6 Ra8 21. Qxg6 Ne7 22. Qxh7 Qb6 23. Nxh6 Bd5 24. Nhf5 Nxf5 25. Nxf5 Qb7 26. Qxg7+ Qxg7 27. Nxg7 Kxg7 28. f3 Kg6 29. Bc3 Kf5 30. Kf2 Rh8 31. g4+ Ke6 32. Kg3 Bc6 33. f4 Kd5 34. Rce1 Bd7 35. f5 Rg8 36. e6 Be8 37. Re5+ Kd6 38. f6 Bh5 39. Rxh5 1-0

[Event "*** Titled Tuesday Blitz"]
[Site "Chess.com"]
[Date "2020.11.03"]
[Round "6"]
[White "Vi_Los"]
[Black "infinitegiantkiller"]
[Result "0-1"]
[WhiteElo "2322"]
[BlackElo "2459"]
[TimeControl "180+1"]
[EndTime "11:10:23 PST"]
[Termination "infinitegiantkiller won by resignation"]

1. e4 e6 2. d4 d5 3. Nd2 c5 4. exd5 Qxd5 5. Ngf3 cxd4 6. Bc4 Qd6 7. O-O Nc6 8. Nb3 Nf6 9. Nbxd4 Nxd4 10. Nxd4 Be7 11. c3 O-O 12. Bg5 Qc5 13. Bxf6 Bxf6 14. Bd3 Rd8 15. Nb3 Qb6 16. Qe2 Bd7 17. Rab1 g6 18. Nd2 Bc6 19. Nc4 Qc7 20. Ne3 a6 21. Rfd1 Rd7 22.
Bc2 Rad8 23. Rxd7 Rxd7 24. Rd1 h5 25. Rxd7 Qxd7 26. Qd3 Qc7 27. Qd2 Qf4 28. Qe2 Bb5 29. c4 Bc6 30. b3 h4 31. Nf1 h3 32. g3 Qd4 33. Qe3 Qa1 34. Be4 Bd4 35. Qf3 Qxa2 36. Bxc6 bxc6 37. Ne3 Bxe3 38. Qxe3 Qa1+ 0-1